 Dungeon Crawl Stone Soup version 0.29.1-15-g9cfb28693d (webtiles) character file.

Game seed: 14999162785123380439

1824 joshua the Protected (level 8, 0/58 (66) HPs)
             Began as a Minotaur Fighter on Mar 29, 2023.
             Was a Follower of Okawaru.
             Slain by hndcvy's ghost (15 damage)
             ... on level 5 of the Dungeon.
             The game lasted 00:29:09 (6708 turns).

joshua the Protected (Minotaur Fighter)             Turns: 6708, Time: 00:29:10

HP:   0/58 (66)     AC: 16    Str: 24    XL:     8   Next: 86%
MP:   7/7           EV:  7    Int:  5    God:    Okawaru [*.....]
Gold: 287           SH:  6    Dex:  9    Spells: 7/7 levels left

rFire   . . .      SeeInvis +   v - +3 war axe (elec)
rCold   . . .      Faith    .   c - +1 buckler
rNeg    . . .      Spirit   .   g - +0 plate armour
rPois   +          Reflect  .   (helmet restricted)
rElec   .          Harm     .   (no cloak)
rCorr   .          Rampage  .   t - +0 pair of gloves
Will    .....                   (no boots)
Stlth   ..........              (no amulet)
HPRegen 0.19/turn               o - ring of poison resistance
MPRegen 0.10/turn               A - ring of see invisible

@: mighty, heavily drained
A: horns 2, retaliatory headbutt
a: Renounce Religion, Heroism


You were on level 5 of the Dungeon.
You worshipped Okawaru.
Okawaru was aware of your devotion.
You visited 2 branches of the dungeon, and saw 7 of its levels.

You collected 287 gold pieces.

Inventory:

Hand Weapons
 a - a +0 war axe
 h - a +0 halberd
 v - a +3 war axe of electrocution (weapon)
 w - a +0 flail of venom
 B - the +5 scythe "Finisher" {speed, eviscerate}
   (You found it on level 4 of the Dungeon)

   Attacks with this weapon are significantly faster.
   It may eviscerate those it strikes, slaying them instantly, with a decreasing
   chance against stronger foes.
 E - a +0 flail of draining
Missiles
 n - 47 stones (quivered)
 F - 3 throwing nets
Armour
 b - a +0 scale mail
 c - a +1 buckler (worn)
 g - a +0 plate armour (worn)
 t - a +0 pair of gloves (worn)
Jewellery
 o - a ring of poison resistance (left hand)
 A - a ring of see invisible (right hand)
Wands
 y - a wand of iceblast (17)
Scrolls
 e - a scroll of fear
 f - 3 scrolls of amnesia
 i - a scroll of enchant weapon
 u - 2 scrolls of teleportation
Potions
 j - 3 potions of mutation
 k - a potion of magic
 l - 2 potions of heal wounds
 m - a potion of curing {unknown}
 q - a potion of brilliance {unknown}
 r - 3 potions of ambrosia {unknown}
 x - a potion of berserk rage {unknown}
 z - 2 potions of haste {unknown}
 G - a potion of resistance {unknown}


   Skills:
 - Level 4.0 Fighting
 + Level 7.3 Axes
 * Level 10.2 Armour
 + Level 7.7 Shields


You had 7 spell levels left.
You didn't know any spells.
Your spell library contained the following spells:

 Spells                   Type           Power      Damage    Failure   Level
 Necrotise                Necr           0%         1d4       100%        1
 Shock                    Conj/Air       0%         1d3       100%        1
 Swiftness                Air            0%         N/A       100%        3
 Vampiric Draining        Necr           0%         2d6       100%        3
 Airstrike                Air            0%         2d(0-16)  100%        4
 Agony                    Necr           0%         N/A       100%        5
 Freezing Cloud           Conj/Ice/Air   0%         6-21      100%        5
 Polar Vortex             Ice            0%         N/A       100%        9
 Summon Small Mammal      Summ           Unusable   N/A       N/A         1
 Call Canine Familiar     Summ           Unusable   N/A       N/A         3
 Summon Guardian Golem    Hex/Summ       Unusable   N/A       N/A         3
 Simulacrum               Ice/Necr       Unusable   N/A       N/A         6

Dungeon Overview and Level Annotations

Branches:
Dungeon (6/15)             Temple (1/1) D:6

Altars:
Ashenzari
Cheibriados
Dithmenos
Elyvilon
Fedhas
Gozag
Hepliaklqana
Makhleb
Nemelex Xobeh
Okawaru
Qazlal
Ru
Sif Muna
Trog
Vehumet
Wu Jian
Xom
Yredelemnul

Shops:
D:4 *

Annotations:
D:5 hndcvy's ghost, novice MiFi


Innate Abilities, Weirdness & Mutations

You have a pair of horns on your head.
You reflexively headbutt those who attack you in melee.


Message History

Here: hndcvy's ghost, wielding a weapon of draining (black smoke, lava, wandering, hasn't noticed you, fire blocked by a runed translucent door) Some lava.
Sorry, I don't know how to traverse that place.
Unknown command.
Hndcvy's ghost turns its malevolent gaze towards you.
Okay, then.
You feel very mighty all of a sudden.
You fail to use your ability.
You open the large door. You slash hndcvy's ghost!
Hndcvy's ghost is lightly damaged.
Hndcvy's ghost hits you!!
You feel drained.
You barely miss hndcvy's ghost.
You headbutt hndcvy's ghost, but do no damage.
Hndcvy's ghost is lightly damaged.
Hndcvy's ghost barely misses you.
Hndcvy's ghost hits you but does no damage.
You feel drained.
You hit hndcvy's ghost but do no damage.
Hndcvy's ghost is lightly damaged.
Hndcvy's ghost barely misses you. You furiously retaliate!
You headbutt hndcvy's ghost. You slash hndcvy's ghost!
Hndcvy's ghost is moderately damaged.
Hndcvy's ghost hits you.
You feel drained.
You slash hndcvy's ghost!
Lightning courses through hndcvy's ghost!
Hndcvy's ghost is severely damaged.
Hndcvy's ghost hits you but does no damage.
You feel drained.
You hit hndcvy's ghost.
Hndcvy's ghost is severely damaged.
Hndcvy's ghost hits you!!
* * * LOW HITPOINT WARNING * * *
You feel drained.
* * * LOW HITPOINT WARNING * * *
You closely miss hndcvy's ghost.
Hndcvy's ghost is severely damaged.
Hndcvy's ghost hits you!
You die...

.....###########.~.~.#..#.##.....
........#......#≈~.~~#...........
.....##.#.###.##≈≈_~≈#..#.##.....
.....##......###≈#∩#≈#.##.##.....
.....####.###.########..........<
#.#### #.# ##.### #......######
..# #.# ###..######....# # ###
#.# #......# #.#.## # #####.#
#...@..# #.#.## # #.....#
###'W### #....# #
#.######......§# #..#.# # #.#
##..#≈⌠.≈# #....# # #.# #≈..~.#≈#
#.#.## #
##.######.#~.(≈.####.#.#######
#.......###.#.### #..#........
####.......####### ###.##..#..###
.............# #.# #.........##


You could see hndcvy's ghost.

Vanquished Creatures
  Sigmund (D:4)
  A steam dragon (D:6)
  Duvessa (D:5)
  An ogre (D:5)
  2 centaurs
  A kobold brigand (D:6)
  2 necrophages (D:6)
  2 scorpions
  Dowan (D:5)
  3 killer bees (D:6)
  A howler monkey (D:6)
  A crimson imp (D:5)
  2 hounds (D:4)
  2 jellies (D:5)
  Jessica (D:3)
  A gnoll bouda (D:6)
  3 iguanas
  Natasha (thrice) (D:3)
  15 gnolls
  7 adders
  2 worms
  4 dart slugs
  3 orcs
  6 ball pythons
  4 bats
  10 endoplasms
  12 giant cockroaches
  14 goblins
  7 hobgoblins
  3 jackals (D:1)
  A quokka (D:3)
  3 frilled lizards
  15 kobolds
  2 rats
137 creatures vanquished.

Vanquished Creatures (others)
  5 plants
5 creatures vanquished.

Grand Total: 142 creatures vanquished

Notes
Turn   | Place    | Note
-------+----------+-------------------------------------------
     0 | D:1      | joshua the Minotaur Fighter began the quest for the Orb.
     0 | D:1      | Reached XP level 1. HP: 19/19 MP: 0/0
    66 | D:1      | Reached XP level 2. HP: 27/27 MP: 1/1
   254 | D:1      | Reached skill level 4 in Armour
   438 | D:1      | Reached XP level 3. HP: 33/33 MP: 2/2
   993 | D:2      | Reached XP level 4. HP: 39/40 MP: 3/3
  1293 | D:2      | Reached skill level 5 in Armour
  1676 | D:3      | Noticed Natasha
  1700 | D:3      | Killed Natasha
  1701 | D:3      | Reached XP level 5. HP: 36/46 MP: 4/4
  1769 | D:3      | Noticed Jessica
  1776 | D:3      | Killed Jessica
  1808 | D:3      | Found an ornate altar of the Wu Jian Council.
  1867 | D:3      | Noticed a centaur
  2132 | D:3      | Killed a centaur
  2133 | D:3      | Reached skill level 6 in Armour
  2133 | D:3      | Reached skill level 5 in Shields
  2133 | D:3      | Reached XP level 6. HP: 40/52 MP: 5/5
  2250 | D:3      | Noticed Natasha
  2253 | D:3      | Killed Natasha
  2324 | D:3      | Noticed Natasha
  2329 | D:3      | Killed Natasha
  2697 | D:3      | Found a sparkling altar of Nemelex Xobeh.
  3192 | D:4      | Noticed Sigmund
  3231 | D:4      | Reached skill level 5 in Axes
  3231 | D:4      | Reached skill level 7 in Armour
  3231 | D:4      | Reached XP level 7. HP: 59/59 MP: 6/6
  3239 | D:4      | Found the +5 scythe "Finisher" {speed, eviscerate}
  3515 | D:4      | Found Toesose's Tempting Trifles.
  3604 | D:5      | Entered Level 5 of the Dungeon
  3663 | D:5      | Found a burning altar of Makhleb.
  3956 | D:5      | Noticed Dowan
  3956 | D:5      | Noticed Duvessa
  3974 | D:5      | Killed Duvessa
  3975 | D:5      | Reached skill level 8 in Armour
  3988 | D:5      | Killed Dowan
  4446 | D:5      | Reached XP level 8. HP: 48/66 MP: 7/7
  4754 | D:5      | Found a large runed translucent door.
  4755 | D:5      | Found a large runed translucent door.
  4756 | D:5      | Noticed hndcvy's ghost (novice MiFi)
  5530 | D:6      | Found a stormy altar of Qazlal.
  5549 | D:6      | Reached skill level 9 in Armour
  5821 | D:6      | Found a staircase to the Ecumenical Temple.
  5828 | Temple   | Entered the Ecumenical Temple
  5897 | Temple   | Became a worshipper of Warmaster Okawaru
  6307 | D:6      | Reached skill level 10 in Armour
  6565 | D:4      | Killed Sigmund
  6565 | D:4      | Reached * piety under Okawaru
  6708 | D:5      | Slain by hndcvy's ghost

Illustrated notes

Levels and vault maps discovered:
D:1:      sevenhm_arrival_forest_fort_small_4, layout_rooms
D:2:      minmay_alternating_diamond, layout_basic, serial_bayou_pond_a,
          minmay_goblin_outpost
D:3:      layout_basic, overflow_temple_1_default, nicolae_wu_jian_wuxing_cycle,
          kennysheep_cluttered_room, uniq_jessica, uniq_natasha
D:4:      layout_rooms, minmay_misc_feat_rugged, nicolae_alphabet_shops,
          uniq_sigmund
D:5:      layout_loops_ring, makhleb_grotto_becter, ebering_ghost_disaster_area,
          minmay_misc_feat_chi, kennysheep_decorative_pillar, uniq_duvessa
D:6:      nicolae_cairo_tiling, layout_basic, nicolae_qazlal_general_emergency,
          minmay_temple_entry_gardened_gates
Temple:   nicolae_temple_superstar

Skill      XL: |  1  2  3  4  5  6  7  8 |
---------------+-------------------------+-----
Fighting       | 4 |  4.0
Armour         | 4 5 6 7 8 10 | 10.2
Shields        | 4 5 6 7 |  7.7
Axes           | 3 4 5 6 7 |  7.3

Action                   |  1- 3 |  4- 6 |  7- 9 || total
-------------------------+-------+-------+-------++-------
Melee: War axe           |    62 |   115 |   112 ||   289
       Headbutt          |     6 |    22 |    19 ||    47
Throw: Stone             |       |     9 |    11 ||    20
  Use: Scroll            |       |       |    11 ||    11
       Potion            |       |       |     1 ||     1
Armor: Scale mail        |    19 |       |       ||    19
       Plate armour      |    21 |    81 |    77 ||   179
Dodge: Dodged            |    40 |    46 |    38 ||   124
Block: Buckler           |    14 |    28 |    30 ||    72
